Rockets vs Punishers

Created - March 23, 2025 at 23:19

Goals
1 2 3 T
Rockets 0 1 0 1
Punishers 0 3 2 5
Shots
1 2 3 T
Rockets 10 13 4 27
Punishers 11 13 11 35

1st period

No Goal

Penalties :
Alexandre Carrier (Lav) for High sticking (Minor) at 3:23, Ben Meyers (Pro) for Holding Stick (Minor) at 14:41, Kole Lind (Pro) for Hooking (Minor) at 19:49

2nd period

1. Rockets , Josh Anderson 4 (Brady Tkachuk 28, Jacob De La Rose 20) at 8:25
2. Punishers , Nicolas Beaudin 2 (Adam Ruzicka 25, Kole Lind 40) at 13:08
3. Punishers , Adam Ruzicka 22 (Kole Lind 41, Warren Foegele 24) at 16:39
4. Punishers , Ben Meyers 9 (Joel Kiviranta 13) at 18:19

Penalties :
Adam Ruzicka (Pro) for Tripping (Minor) at 9:12, Josh Anderson (Lav) for Tripping (Minor) at 13:11

3rd period

5. Punishers , Kole Lind 21 (Ben Betker 21) at 1:51
6. Punishers , Adam Ruzicka 23 (Kole Lind 42) at 14:53 (PP)

Penalties :
Arber Xhekaj (Lav) for Cross-checking (Minor) at 11:49, Tage Thompson (Lav) for Cross-checking (Minor) at 14:38, Karson Kuhlman (Pro) for Hooking (Minor) at 15:53

Goalie Stats

Pyotr Kochetkov (Lav), 30 saves from 35 shots - (0.857), L, 14-13-0, 60:00 minutes
Antoine Bibeau (Pro), 26 saves from 27 shots - (0.963), W, 20-12-6, 60:00 minutes

Players Stats for Rockets

Player Name              G  A  P  +/- PIM S  H  SB GA TA FO     MP     PP MP  PK MP  
------------------------------------------------------------------------------------
Alex Newhook             0  0  0   0  0   2  0  1  0  0  0/1    14:21   3:15   0:39 
Alexandre Carrier        0  0  0  -2  2   1  0  3  1  0  0/0    23:48   4:17   3:01 
Andrei Svechnikov        0  0  0  -2  0   0  4  0  0  0  2/5    17:12   4:31   0:00 
Arber Xhekaj             0  0  0   0  2   0  0  0  0  0  0/0     8:03   0:00   0:00 
Barrett Hayton           0  0  0   0  0   0  1  0  0  0  1/2    10:52   0:00   0:32 
Brady Tkachuk            0  1  1  -1  0   5  3  1  1  0  0/1    16:28   4:25   0:00 
Cole Caufield            0  0  0   0  0   0  2  0  1  0  0/0    13:10   3:15   0:00 
Jackson LaCombe          0  0  0  -1  0   0  0  0  0  2  0/0     9:06   1:46   0:00 
Jacob Bryson             0  0  0   0  0   0  0  0  0  0  0/0     9:45   1:43   1:07 
Jacob De La Rose         0  1  1  -1  0   2  0  0  0  0  10/24  16:07   0:00   3:46 
Jake Evans               0  0  0   0  0   1  0  0  1  1  3/4    12:14   0:20   1:34 
Jayden Struble           0  0  0  -2  0   0  0  0  0  0  0/0     8:21   0:00   0:00 
Jeff Corbett             0  0  0   0  0   2  0  1  0  0  0/0    19:19   0:10   4:08 
Josh Anderson            1  0  1  -1  2   3  0  0  0  0  0/2    19:38   3:53   2:29 
Kristians Rubins         0  0  0  -1  0   1  0  1  0  0  0/0    17:53   0:00   2:04 
Michael McLeod           0  0  0  -2  0   6  1  0  1  0  3/9    17:52   3:15   1:42 
Nils Hoglander           0  0  0   0  0   0  0  1  0  0  0/0    10:45   0:10   0:00 
Robert Thomas            0  0  0  -2  0   3  2  0  0  0  0/0    17:18   4:31   0:00 
Simon Benoit             0  0  0   0  0   0  0  3  0  0  0/0    19:10   4:03   2:04 
Tage Thompson            0  0  0   0  2   1  0  0  0  0  1/1    12:22   0:06   1:42 

Players Stats for Punishers

Player Name              G  A  P  +/- PIM S  H  SB GA TA FO     MP     PP MP  PK MP  
------------------------------------------------------------------------------------
Adam Ruzicka             2  1  3   3  2   2  3  1  1  0  4/9    19:19   2:47   0:54 
Ben Betker               0  1  1   2  0   3  2  0  0  1  0/0    24:48   2:54   4:59 
Ben Meyers               1  0  1   1  2   3  2  1  0  1  2/4    11:33   0:00   0:00 
Braden Tracey            0  0  0   0  0   0  0  0  0  0  0/0     6:44   0:00   0:00 
Carson Meyer             0  0  0   0  0   0  0  0  0  0  0/0     0:00   0:00   0:00 
Daniel Audette           0  0  0   0  0   0  0  0  0  0  0/0     0:09   0:00   0:09 
Jack Ahcan               0  0  0   1  0   0  0  1  0  0  0/0     9:36   0:00   0:00 
Jesse Ylonen             0  0  0   1  0   4  2  0  0  0  0/0    13:58   0:00   2:53 
Joel Kiviranta           0  1  1   1  0   3  1  0  0  0  0/0    13:15   0:00   1:49 
Karson Kuhlman           0  0  0  -1  2   3  4  1  0  0  16/22  18:47   3:25   3:04 
Kole Lind                1  3  4   3  2   2  2  0  1  0  0/0    19:39   2:47   1:06 
Kurtis Gabriel           0  0  0  -1  0   1  1  0  0  0  1/3    17:07   3:25   1:49 
Lassi Thomson            0  0  0   0  0   0  0  0  0  0  0/0     4:38   0:00   0:00 
Marcus Karlberg          0  0  0   0  0   0  0  0  0  0  0/0     1:58   0:19   0:00 
Nicolas Beaudin          1  0  1   0  0   2  0  0  0  1  0/0    20:45   3:05   2:57 
Niko Mikkola             0  0  0   0  0   0  1  0  0  0  0/0    20:45   3:05   2:57 
Noah Juulsen             0  0  0   2  0   1  0  2  0  0  0/0    23:51   2:44   4:59 
Oskar Lindblom           0  0  0  -1  0   8  2  2  1  2  5/8    24:09   3:06   3:53 
Rasmus Sandin            0  0  0   0  0   0  0  1  0  0  0/0     4:51   0:13   0:00 
Ryan Suzuki              0  0  0   0  0   1  0  0  0  0  1/3     6:44   0:00   0:00 
Urho Vaakanainen         0  0  0   1  0   0  0  0  0  0  0/0    10:46   0:23   0:00 
Warren Foegele           0  1  1   3  0   2  4  0  0  0  0/0    18:38   2:47   0:15 

3 Stars

1 - Adam Ruzicka (Pro)
2 - Kole Lind (Pro)
3 - Warren Foegele (Pro)

Power Play

Rockets - 0 on 4 Attempt(s) - 0.00%
Punishers - 1 on 4 Attempt(s) - 25.00%

Penalty Kill

Rockets - 3 on 4 Attempt(s) - 75.00% - Score 0 goal in Penalty Kill
Punishers - 4 on 4 Attempt(s) - 100.00% - Score 0 goal in Penalty Kill

Team Stat

Rockets - Hits : 13 - Faceoff Wins : 20 - Blocked Shots : 11 - Penalty Minutes : 8
Punishers - Hits : 24 - Faceoff Wins : 29 - Blocked Shots : 9 - Penalty Minutes : 8

Official

Referees : Francis Charron and Marc Joannette
Linesman : Scott Cherrey and Kory Nagy

Game Notes

Jacob Bryson is injured at 5:47 of 2nd period (Upper Body)

Finance

Level 1 -- Attendance: 1832 (91.60%) -- Ticket Income $128,240
Level 2 -- Attendance: 1000 (100.00%) -- Ticket Income $40,000
Total Attendance: 2832 (94.40%)
Total Ticket Income: $168,240
Other Income: $8,412
Total Income: $176,652

Rockets

5 vs 5 Forward 
   Center                   Left Wing                Right Wing               Time % Phy DF OF 
 1 Jacob De La Rose         Brady Tkachuk            Josh Anderson            35     1   2  2  
 2 Michael McLeod           Andrei Svechnikov        Robert Thomas            35     1   2  2  
 3 Jake Evans               Nils Hoglander           Tage Thompson            15     1   2  2  
 4 Barrett Hayton           Alex Newhook             Cole Caufield            15     1   2  2  

5 vs 5 Defense 
   Defense                  Defense                                           Time % Phy DF OF 
 1 Alexandre Carrier        Jacob Bryson                                      40     1   2  2  
 2 Jeff Corbett             Simon Benoit                                      35     1   2  2  
 3 Kristians Rubins         Arber Xhekaj                                      15     1   3  1  
 4 Jayden Struble           Jackson LaCombe                                   10     1   2  2  

PowerPlay Forward 
   Center                   Left Wing                Right Wing               Time % Phy DF OF 
 1 Andrei Svechnikov        Brady Tkachuk            Robert Thomas            70     1   2  2  
 2 Michael McLeod           Alex Newhook             Cole Caufield            30     1   2  2  

PowerPlay Defense
   Defense                  Defense                                           Time % Phy DF OF 
 1 Alexandre Carrier        Simon Benoit                                      60     1   2  2  
 2 Jacob Bryson             Josh Anderson                                     40     1   2  2  

Penalty Kill 4 Players Forward 
   Center                   Wing                     Time % Phy DF OF 
 1 Jacob De La Rose         Josh Anderson            60     1   2  2  
 2 Michael McLeod           Tage Thompson            40     1   2  2  

Penalty Kill 4 Players Defense
   Defense                  Defense                  Time % Phy DF OF 
 1 Alexandre Carrier        Jeff Corbett             60     1   2  2  
 2 Kristians Rubins         Simon Benoit             40     1   2  2  

Penalty Kill - 3 Players Forward 
   Forward                                           Time % Phy DF OF 
 1 Jacob De La Rose                                  60     1   2  2  
 2 Josh Anderson                                     40     1   2  2  

Penalty Kill - 3 Players Defense
   Defense                  Defense                  Time % Phy DF OF 
 1 Alexandre Carrier        Jeff Corbett             60     1   2  2  
 2 Kristians Rubins         Simon Benoit             40     1   2  2  

4 vs 4 Forward 
   Center                   Wing                     Time % Phy DF OF 
 1 Jacob De La Rose         Josh Anderson            60     1   2  2  
 2 Michael McLeod           Brady Tkachuk            40     1   2  2  

4 vs 4 Defense
   Defense                  Defense                  Time % Phy DF OF 
 1 Alexandre Carrier        Jeff Corbett             60     1   2  2  
 2 Jacob Bryson             Simon Benoit             40     1   2  2  

Last Minutes Offensive
   Center                   Left Wing                Right Wing               Defense                  Defense                  
   Michael McLeod           Andrei Svechnikov        Robert Thomas            Alexandre Carrier        Simon Benoit             

Last Minutes Defensive
   Center                   Left Wing                Right Wing               Defense                  Defense                  
   Jacob De La Rose         Brady Tkachuk            Josh Anderson            Alexandre Carrier        Jeff Corbett             

Goaltenders
Starting : Pyotr Kochetkov          
Backup : Marcus Hogberg           

Extra Forwards
Normal : Jake Evans, Tage Thompson, Nils Hoglander - PP : Jake Evans, Nils Hoglander - PK : Jake Evans
Extra Defensemen
Normal : Kristians Rubins, Arber Xhekaj, Jayden Struble - PP : Jackson LaCombe - PK : Jacob Bryson, Jayden Struble
Penalty Shots
Andrei Svechnikov, Josh Anderson, Cole Caufield, Michael McLeod, Robert Thomas
Custom OT Lines Forwards
Jacob De La Rose, Josh Anderson, Michael McLeod, Brady Tkachuk, Robert Thomas, Jake Evans, Andrei Svechnikov, Tage Thompson, Nils Hoglander, Barrett Hayton
Custom OT Lines Defensemen
Alexandre Carrier, Jeff Corbett, Jacob Bryson, Simon Benoit, Kristians Rubins

Scratches
Connor Clifton (Healthy), Grant Besse (Healthy), Hunter Drew (Healthy), Zach Stepan (Torn Right Knee Ligaments Injury), Michael Pezzetta (Healthy)
Joel Teasdale (Healthy), Zachary Gallant (Healthy), Joey Daccord (Healthy)

Punishers

5 vs 5 Forward 
   Center                   Left Wing                Right Wing               Time % Phy DF OF 
 1 Karson Kuhlman           Oskar Lindblom           Kurtis Gabriel           40     1   2  2  
 2 Adam Ruzicka             Warren Foegele           Kole Lind                30     1   2  2  
 3 Ben Meyers               Joel Kiviranta           Jesse Ylonen             20     1   2  2  
 4 Ryan Suzuki              Braden Tracey            Oskar Lindblom           10     1   2  2  

5 vs 5 Defense 
   Defense                  Defense                                           Time % Phy DF OF 
 1 Noah Juulsen             Ben Betker                                        40     1   2  2  
 2 Niko Mikkola             Nicolas Beaudin                                   30     1   2  2  
 3 Urho Vaakanainen         Jack Ahcan                                        20     1   2  2  
 4 Rasmus Sandin            Lassi Thomson                                     10     1   2  2  

PowerPlay Forward 
   Center                   Left Wing                Right Wing               Time % Phy DF OF 
 1 Karson Kuhlman           Oskar Lindblom           Kurtis Gabriel           60     1   2  2  
 2 Adam Ruzicka             Warren Foegele           Kole Lind                40     1   2  2  

PowerPlay Defense
   Defense                  Defense                                           Time % Phy DF OF 
 1 Noah Juulsen             Ben Betker                                        60     1   2  2  
 2 Niko Mikkola             Nicolas Beaudin                                   40     1   2  2  

Penalty Kill 4 Players Forward 
   Center                   Wing                     Time % Phy DF OF 
 1 Oskar Lindblom           Karson Kuhlman           60     1   2  2  
 2 Kurtis Gabriel           Kole Lind                40     1   2  2  

Penalty Kill 4 Players Defense
   Defense                  Defense                  Time % Phy DF OF 
 1 Noah Juulsen             Ben Betker               60     1   2  2  
 2 Niko Mikkola             Nicolas Beaudin          40     1   2  2  

Penalty Kill - 3 Players Forward 
   Forward                                           Time % Phy DF OF 
 1 Oskar Lindblom                                    60     1   2  2  
 2 Karson Kuhlman                                    40     1   2  2  

Penalty Kill - 3 Players Defense
   Defense                  Defense                  Time % Phy DF OF 
 1 Noah Juulsen             Ben Betker               60     1   2  2  
 2 Niko Mikkola             Nicolas Beaudin          40     1   2  2  

4 vs 4 Forward 
   Center                   Wing                     Time % Phy DF OF 
 1 Oskar Lindblom           Karson Kuhlman           60     1   2  2  
 2 Kurtis Gabriel           Kole Lind                40     1   2  2  

4 vs 4 Defense
   Defense                  Defense                  Time % Phy DF OF 
 1 Noah Juulsen             Ben Betker               60     1   2  2  
 2 Niko Mikkola             Nicolas Beaudin          40     1   2  2  

Last Minutes Offensive
   Center                   Left Wing                Right Wing               Defense                  Defense                  
   Karson Kuhlman           Oskar Lindblom           Kurtis Gabriel           Noah Juulsen             Ben Betker               

Last Minutes Defensive
   Center                   Left Wing                Right Wing               Defense                  Defense                  
   Karson Kuhlman           Oskar Lindblom           Kurtis Gabriel           Noah Juulsen             Ben Betker               

Goaltenders
Starting : Antoine Bibeau           
Backup : Cal Petersen             

Extra Forwards
Normal : Marcus Karlberg, Joel Kiviranta, Jesse Ylonen - PP : Marcus Karlberg, Joel Kiviranta - PK : Jesse Ylonen
Extra Defensemen
Normal : Urho Vaakanainen, Jack Ahcan, Rasmus Sandin - PP : Urho Vaakanainen - PK : Jack Ahcan, Rasmus Sandin
Penalty Shots
Oskar Lindblom, Karson Kuhlman, Kurtis Gabriel, Kole Lind, Warren Foegele
Custom OT Lines Forwards
Oskar Lindblom, Karson Kuhlman, Kurtis Gabriel, Kole Lind, Warren Foegele, Adam Ruzicka, Joel Kiviranta, Jesse Ylonen, Ben Meyers, Braden Tracey
Custom OT Lines Defensemen
Noah Juulsen, Ben Betker, Niko Mikkola, Nicolas Beaudin, Urho Vaakanainen

Scratches
Jack LaFontaine (Healthy), Carter Gylander (Healthy)

% Time on Ice - Rockets

Lines # - Real PCT - Wanted PCT - Time Play
Normal Forward
1 - 28% - 35% - 13:04
2 - 28% - 35% - 12:55
3 - 22% - 15% - 10:00
4 - 22% - 15% - 9:53
Normal Defense
1 - 39% - 40% - 17:53
2 - 30% - 35% - 13:39
3 - 15% - 15% - 7:00
4 - 16% - 10% - 7:20
PP Forward
1 - 59% - 70% - 4:41
2 - 41% - 30% - 3:15
PP Defense
1 - 51% - 60% - 4:03
2 - 49% - 40% - 3:53
PK Forward
1 - 73% - 60% - 4:30
2 - 27% - 40% - 1:42
PK Defense
1 - 67% - 60% - 4:08
2 - 33% - 40% - 2:04
PK3 Forward
1 - 0% - 60%
2 - 0% - 40%
PK3 Defense
1 - 0% - 60%
2 - 0% - 40%
44 Forward
1 - 0% - 60%
2 - 0% - 40%
44 Defense
1 - 0% - 60%
2 - 0% - 40%
Last Minute Offensive  - 0:00
Last Minute Defensive  - 0:00
Total
Forward - 60:00
Defense - 60:00

% Time on Ice - Punishers

Lines # - Real PCT - Wanted PCT - Time Play
Normal Forward
1 - 27% - 40% - 12:21
2 - 34% - 30% - 15:42
3 - 24% - 20% - 11:05
4 - 15% - 10% - 6:44
Normal Defense
1 - 37% - 40% - 16:55
2 - 32% - 30% - 14:43
3 - 21% - 20% - 9:36
4 - 10% - 10% - 4:38
PP Forward
1 - 55% - 60% - 3:25
2 - 45% - 40% - 2:47
PP Defense
1 - 50% - 60% - 3:07
2 - 50% - 40% - 3:05
PK Forward
1 - 77% - 60% - 6:07
2 - 23% - 40% - 1:49
PK Defense
1 - 63% - 60% - 4:59
2 - 37% - 40% - 2:57
PK3 Forward
1 - 0% - 60%
2 - 0% - 40%
PK3 Defense
1 - 0% - 60%
2 - 0% - 40%
44 Forward
1 - 0% - 60%
2 - 0% - 40%
44 Defense
1 - 0% - 60%
2 - 0% - 40%
Last Minute Offensive  - 0:00
Last Minute Defensive  - 0:00
Total
Forward - 60:00
Defense - 60:00

Play-by-Play

1st period


0:01 of 1st period - Jacob De La Rose wins face-off versus Karson Kuhlman in neutral zone.
0:28 of 1st period - Wrist shot by Tage Thompson.
0:28 of 1st period - Stopped by Antoine Bibeau with a rebound.
0:30 of 1st period - Slapshot by Jeff Corbett.
0:30 of 1st period - Stopped by Antoine Bibeau without a rebound.
0:31 of 1st period - Tage Thompson wins face-off versus Adam Ruzicka in Punishers zone.
0:34 of 1st period - Slapshot by Jake Evans.
0:34 of 1st period - Stopped by Antoine Bibeau with a rebound.
1:10 of 1st period - Simon Benoit is hit by Niko Mikkola and loses puck.
1:42 of 1st period - Alexandre Carrier is hit by Warren Foegele and loses puck.
2:18 of 1st period - Snap shot by Joel Kiviranta.
2:18 of 1st period - Shot Misses the Net.
2:28 of 1st period - Snap shot by Kurtis Gabriel.
2:28 of 1st period - Shot Misses the Net.
2:48 of 1st period - Wrist shot by Michael McLeod.
2:48 of 1st period - Stopped by Antoine Bibeau with a rebound.
2:50 of 1st period - Slapshot by Kristians Rubins.
2:50 of 1st period - Shot Blocked by Adam Ruzicka.
2:52 of 1st period - Snap shot by Andrei Svechnikov.
2:52 of 1st period - Shot Blocked by Rasmus Sandin.
3:02 of 1st period - Jacob De La Rose is hit by Joel Kiviranta and loses puck.
3:09 of 1st period - Snap shot by Jesse Ylonen.
3:09 of 1st period - Stopped by Pyotr Kochetkov without a rebound.
3:10 of 1st period - Karson Kuhlman wins face-off versus Michael McLeod in Rockets zone.
3:21 of 1st period - Snap shot by Oskar Lindblom.
3:21 of 1st period - Shot Misses the Net.
3:23 of 1st period - Minor Penalty to Alexandre Carrier for High sticking.
3:24 of 1st period - Karson Kuhlman wins face-off versus Jacob De La Rose in Rockets zone.
3:31 of 1st period - Snap shot by Oskar Lindblom.
3:31 of 1st period - Stopped by Pyotr Kochetkov without a rebound.
3:32 of 1st period - Karson Kuhlman wins face-off versus Jacob De La Rose in Rockets zone.
4:01 of 1st period - Slapshot by Noah Juulsen.
4:01 of 1st period - Shot Misses the Net.
4:03 of 1st period - Slapshot by Ben Betker.
4:03 of 1st period - Stopped by Pyotr Kochetkov without a rebound.
4:04 of 1st period - Michael McLeod wins face-off versus Oskar Lindblom in Rockets zone.
5:17 of 1st period - Tage Thompson is hit by Oskar Lindblom and loses puck.
5:23 of 1st period - Penalty to Alexandre Carrier is over, Alexandre Carrier is back on ice.
5:30 of 1st period - Snap shot by Michael McLeod.
5:30 of 1st period - Stopped by Antoine Bibeau with a rebound.
5:40 of 1st period - Jeff Corbett is hit by Ben Meyers and loses puck.
6:00 of 1st period - Wrist shot by Andrei Svechnikov.
6:00 of 1st period - Shot Blocked by Oskar Lindblom.
6:33 of 1st period - Icing by Jacob De La Rose.
6:34 of 1st period - Jacob De La Rose wins face-off versus Karson Kuhlman in Rockets zone.
6:41 of 1st period - Slapshot by Karson Kuhlman.
6:41 of 1st period - Deflect By Oskar Lindblom.
6:41 of 1st period - Stopped by Pyotr Kochetkov without a rebound.
6:42 of 1st period - Michael McLeod wins face-off versus Adam Ruzicka in Rockets zone.
6:42 of 1st period - Michael McLeod is hit by Adam Ruzicka.
7:13 of 1st period - Wrist shot by Jacob De La Rose.
7:13 of 1st period - Stopped by Antoine Bibeau with a rebound.
7:27 of 1st period - Snap shot by Joel Kiviranta.
7:27 of 1st period - Shot Blocked by Kristians Rubins.
7:29 of 1st period - Slapshot by Niko Mikkola.
7:29 of 1st period - Shot Misses the Net.
7:47 of 1st period - Wrist shot by Adam Ruzicka.
7:47 of 1st period - Shot Misses the Net.
8:59 of 1st period - Slapshot by Oskar Lindblom.
8:59 of 1st period - Stopped by Pyotr Kochetkov without a rebound.
9:00 of 1st period - Michael McLeod wins face-off versus Ryan Suzuki in Rockets zone.
10:04 of 1st period - Off-side.
10:05 of 1st period - Karson Kuhlman wins face-off versus Josh Anderson in neutral zone.
10:18 of 1st period - Oskar Lindblom is hit by Brady Tkachuk and loses puck.
11:55 of 1st period - Slapshot by Barrett Hayton.
11:55 of 1st period - Shot Misses the Net.
11:57 of 1st period - Slapshot by Simon Benoit.
11:57 of 1st period - Deflect By Cole Caufield.
11:57 of 1st period - Shot Misses the Net.
11:57 of 1st period - Puck is out of play.
11:58 of 1st period - Jacob De La Rose wins face-off versus Ben Meyers in Punishers zone.
12:01 of 1st period - Wrist shot by Jacob De La Rose.
12:01 of 1st period - Stopped by Antoine Bibeau with a rebound.
12:03 of 1st period - Wrist shot by Josh Anderson.
12:03 of 1st period - Shot Misses the Net.
12:05 of 1st period - Slapshot by Jeff Corbett.
12:05 of 1st period - Stopped by Antoine Bibeau with a rebound.
12:11 of 1st period - Wrist shot by Josh Anderson.
12:11 of 1st period - Shot Blocked by Noah Juulsen.
13:29 of 1st period - Snap shot by Joel Kiviranta.
13:29 of 1st period - Shot Misses the Net.
14:19 of 1st period - Jacob Bryson is hit by Karson Kuhlman and loses puck.
14:41 of 1st period - Minor Penalty to Ben Meyers for Holding Stick.
14:42 of 1st period - Oskar Lindblom wins face-off versus Andrei Svechnikov in Punishers zone.
14:52 of 1st period - Ben Betker is hit by Brady Tkachuk and loses puck.
15:34 of 1st period - Andrei Svechnikov is hit by Karson Kuhlman and loses puck.
16:41 of 1st period - Penalty to Ben Meyers is over, Ben Meyers is back on ice.
17:07 of 1st period - Wrist shot by Karson Kuhlman.
17:07 of 1st period - Stopped by Pyotr Kochetkov with a rebound.
17:09 of 1st period - Snap shot by Oskar Lindblom.
17:09 of 1st period - Stopped by Pyotr Kochetkov without a rebound.
17:10 of 1st period - Adam Ruzicka wins face-off versus Barrett Hayton in Rockets zone.
17:50 of 1st period - Wrist shot by Ryan Suzuki.
17:50 of 1st period - Stopped by Pyotr Kochetkov with a rebound.
18:04 of 1st period - Snap shot by Jake Evans.
18:04 of 1st period - Deflect By Nils Hoglander.
18:04 of 1st period - Shot Misses the Net.
18:04 of 1st period - Puck is out of play.
18:05 of 1st period - Adam Ruzicka wins face-off versus Jake Evans in Punishers zone.
18:34 of 1st period - Wrist shot by Joel Kiviranta.
18:34 of 1st period - Stopped by Pyotr Kochetkov with a rebound.
18:36 of 1st period - Slapshot by Joel Kiviranta.
18:36 of 1st period - Stopped by Pyotr Kochetkov with a rebound.
18:38 of 1st period - Slapshot by Ben Meyers.
18:38 of 1st period - Stopped by Pyotr Kochetkov with a rebound.
19:09 of 1st period - Wrist shot by Brady Tkachuk.
19:09 of 1st period - Shot Blocked by Noah Juulsen.
19:46 of 1st period - Snap shot by Robert Thomas.
19:46 of 1st period - Stopped by Antoine Bibeau without a rebound.
19:47 of 1st period - Adam Ruzicka wins face-off versus Jacob De La Rose in Punishers zone.
19:49 of 1st period - Minor Penalty to Kole Lind for Hooking.
19:50 of 1st period - Andrei Svechnikov wins face-off versus Oskar Lindblom in Punishers zone.
19:52 of 1st period - Snap shot by Robert Thomas.
19:52 of 1st period - Shot Blocked by Karson Kuhlman.
19:54 of 1st period - Wrist shot by Robert Thomas.
19:54 of 1st period - Stopped by Antoine Bibeau without a rebound.
19:55 of 1st period - Oskar Lindblom wins face-off versus Andrei Svechnikov in Punishers zone.
Goals for this period are 0 for Rockets vs 0 for Punishers.
Shots for this period are 10 for Rockets vs 11 for Punishers.

2nd period


0:01 of 2nd period - Andrei Svechnikov wins face-off versus Oskar Lindblom in neutral zone.
0:36 of 2nd period - Wrist shot by Alex Newhook.
0:36 of 2nd period - Deflect By Michael McLeod.
0:36 of 2nd period - Stopped by Antoine Bibeau with a rebound.
0:38 of 2nd period - Snap shot by Simon Benoit.
0:38 of 2nd period - Deflect By Michael McLeod.
0:38 of 2nd period - Stopped by Antoine Bibeau with a rebound.
1:08 of 2nd period - Niko Mikkola is hit by Andrei Svechnikov and loses puck.
1:49 of 2nd period - Penalty to Kole Lind is over, Kole Lind is back on ice.
1:53 of 2nd period - Snap shot by Oskar Lindblom.
1:53 of 2nd period - Stopped by Pyotr Kochetkov without a rebound.
1:54 of 2nd period - Jake Evans wins face-off versus Adam Ruzicka in Rockets zone.
1:54 of 2nd period - Jake Evans is hit by Adam Ruzicka.
2:00 of 2nd period - Slapshot by Jake Evans.
2:00 of 2nd period - Shot Misses the Net.
3:07 of 2nd period - Slapshot by Andrei Svechnikov.
3:07 of 2nd period - Shot Misses the Net.
3:43 of 2nd period - Snap shot by Alexandre Carrier.
3:43 of 2nd period - Deflect By Josh Anderson.
3:43 of 2nd period - Stopped by Antoine Bibeau with a rebound.
4:50 of 2nd period - Snap shot by Michael McLeod.
4:50 of 2nd period - Shot Blocked by Oskar Lindblom.
5:46 of 2nd period - Jacob Bryson is hit by Warren Foegele and loses puck.
5:47 of 2nd period - Jacob Bryson from Rockets is injured at 5:47 of 2nd period (Upper Body).
5:48 of 2nd period - Jacob De La Rose wins face-off versus Karson Kuhlman in Rockets zone.
5:48 of 2nd period - Jacob De La Rose is hit by Oskar Lindblom.
5:59 of 2nd period - Wrist shot by Alexandre Carrier.
5:59 of 2nd period - Shot Misses the Net.
6:44 of 2nd period - Oskar Lindblom is hit by Cole Caufield and loses puck.
6:56 of 2nd period - Off-side.
6:57 of 2nd period - Jacob De La Rose wins face-off versus Ben Meyers in neutral zone.
7:22 of 2nd period - Andrei Svechnikov is hit by Warren Foegele and loses puck.
7:38 of 2nd period - Icing by Simon Benoit.
7:39 of 2nd period - Kurtis Gabriel wins face-off versus Alex Newhook in Rockets zone.
7:40 of 2nd period - Wrist shot by Oskar Lindblom.
7:40 of 2nd period - Stopped by Pyotr Kochetkov with a rebound.
7:42 of 2nd period - Slapshot by Noah Juulsen.
7:42 of 2nd period - Shot Blocked by Simon Benoit.
7:44 of 2nd period - Wrist shot by Karson Kuhlman.
7:44 of 2nd period - Stopped by Pyotr Kochetkov with a rebound.
8:21 of 2nd period - Slapshot by Alex Newhook.
8:21 of 2nd period - Stopped by Antoine Bibeau without a rebound.
8:22 of 2nd period - Jacob De La Rose wins face-off versus Karson Kuhlman in Punishers zone.
8:23 of 2nd period - Snap shot by Brady Tkachuk.
8:23 of 2nd period - Stopped by Antoine Bibeau with a rebound.
8:25 of 2nd period - Snap shot by Josh Anderson.
8:25 of 2nd period - Goal by Josh Anderson - Rockets : 1 - Punishers : 0.
8:26 of 2nd period - Karson Kuhlman wins face-off versus Jacob De La Rose in neutral zone.
8:33 of 2nd period - Kristians Rubins is hit by Kurtis Gabriel and loses puck.
8:52 of 2nd period - Warren Foegele is hit by Robert Thomas.
9:00 of 2nd period - Snap shot by Adam Ruzicka.
9:00 of 2nd period - Shot Misses the Net.
9:02 of 2nd period - Slapshot by Kole Lind.
9:02 of 2nd period - Shot Misses the Net.
9:12 of 2nd period - Minor Penalty to Adam Ruzicka for Tripping.
9:13 of 2nd period - Oskar Lindblom wins face-off versus Andrei Svechnikov in Punishers zone.
9:24 of 2nd period - Ben Betker is hit by Andrei Svechnikov and loses puck.
11:12 of 2nd period - Penalty to Adam Ruzicka is over, Adam Ruzicka is back on ice.
11:19 of 2nd period - Off-side.
11:20 of 2nd period - Jake Evans wins face-off versus Adam Ruzicka in neutral zone.
12:17 of 2nd period - Oskar Lindblom is hit by Andrei Svechnikov and loses puck.
12:22 of 2nd period - Snap shot by Robert Thomas.
12:22 of 2nd period - Stopped by Antoine Bibeau with a rebound.
12:39 of 2nd period - Icing by Kole Lind.
12:40 of 2nd period - Adam Ruzicka wins face-off versus Michael McLeod in Punishers zone.
12:47 of 2nd period - Robert Thomas is hit by Kole Lind and loses puck.
13:04 of 2nd period - Snap shot by Kole Lind.
13:04 of 2nd period - Stopped by Pyotr Kochetkov with a rebound.
13:06 of 2nd period - Slapshot by Adam Ruzicka.
13:06 of 2nd period - Shot Blocked by Brady Tkachuk.
13:08 of 2nd period - Slapshot by Nicolas Beaudin.
13:08 of 2nd period - Goal by Nicolas Beaudin - Rockets : 1 - Punishers : 1.
13:09 of 2nd period - Jacob De La Rose wins face-off versus Karson Kuhlman in neutral zone.
13:11 of 2nd period - Minor Penalty to Josh Anderson for Tripping.
13:12 of 2nd period - Jake Evans wins face-off versus Kurtis Gabriel in Rockets zone.
13:12 of 2nd period - Jake Evans is hit by Karson Kuhlman.
13:37 of 2nd period - Jacob De La Rose is hit by Warren Foegele.
13:57 of 2nd period - Slapshot by Ben Betker.
13:57 of 2nd period - Stopped by Pyotr Kochetkov without a rebound.
13:58 of 2nd period - Barrett Hayton wins face-off versus Karson Kuhlman in Rockets zone.
14:25 of 2nd period - Wrist shot by Warren Foegele.
14:25 of 2nd period - Stopped by Pyotr Kochetkov with a rebound.
14:27 of 2nd period - Wrist shot by Adam Ruzicka.
14:27 of 2nd period - Shot Blocked by Alexandre Carrier.
14:29 of 2nd period - Snap shot by Warren Foegele.
14:29 of 2nd period - Shot Blocked by Jeff Corbett.
14:45 of 2nd period - Snap shot by Michael McLeod.
14:45 of 2nd period - Stopped by Antoine Bibeau with a rebound.
14:51 of 2nd period - Slapshot by Alexandre Carrier.
14:51 of 2nd period - Stopped by Antoine Bibeau with a rebound.
15:11 of 2nd period - Penalty to Josh Anderson is over, Josh Anderson is back on ice.
15:17 of 2nd period - Snap shot by Josh Anderson.
15:17 of 2nd period - Shot Blocked by Ben Meyers.
15:30 of 2nd period - Jayden Struble is hit by Jesse Ylonen and loses puck.
15:41 of 2nd period - Wrist shot by Alex Newhook.
15:41 of 2nd period - Stopped by Antoine Bibeau without a rebound.
15:42 of 2nd period - Ryan Suzuki wins face-off versus Michael McLeod in Punishers zone.
15:59 of 2nd period - Kristians Rubins is hit by Adam Ruzicka and loses puck.
16:06 of 2nd period - Jack Ahcan is hit by Michael McLeod.
16:10 of 2nd period - Warren Foegele is hit by Robert Thomas and loses puck.
16:39 of 2nd period - Wrist shot by Adam Ruzicka.
16:39 of 2nd period - Deflect By Alexandre Carrier.
16:39 of 2nd period - Goal by Adam Ruzicka - Rockets : 1 - Punishers : 2.
16:40 of 2nd period - Karson Kuhlman wins face-off versus Jacob De La Rose in neutral zone.
17:06 of 2nd period - Nils Hoglander is hit by Ben Meyers and loses puck.
17:11 of 2nd period - Snap shot by Nicolas Beaudin.
17:11 of 2nd period - Stopped by Pyotr Kochetkov with a rebound.
17:13 of 2nd period - Slapshot by Niko Mikkola.
17:13 of 2nd period - Shot Misses the Net.
17:15 of 2nd period - Snap shot by Niko Mikkola.
17:15 of 2nd period - Shot Blocked by Nils Hoglander.
18:09 of 2nd period - Snap shot by Jesse Ylonen.
18:09 of 2nd period - Stopped by Pyotr Kochetkov without a rebound.
18:10 of 2nd period - Ben Meyers wins face-off versus Jacob De La Rose in Rockets zone.
18:11 of 2nd period - Wrist shot by Jesse Ylonen.
18:11 of 2nd period - Stopped by Pyotr Kochetkov without a rebound.
18:12 of 2nd period - Ben Meyers wins face-off versus Josh Anderson in Rockets zone.
18:17 of 2nd period - Snap shot by Joel Kiviranta.
18:17 of 2nd period - Stopped by Pyotr Kochetkov with a rebound.
18:19 of 2nd period - Slapshot by Ben Meyers.
18:19 of 2nd period - Goal by Ben Meyers - Rockets : 1 - Punishers : 3.
18:20 of 2nd period - Karson Kuhlman wins face-off versus Jacob De La Rose in neutral zone.
18:32 of 2nd period - Snap shot by Brady Tkachuk.
18:32 of 2nd period - Stopped by Antoine Bibeau without a rebound.
18:33 of 2nd period - Karson Kuhlman wins face-off versus Jacob De La Rose in Punishers zone.
18:43 of 2nd period - Wrist shot by Brady Tkachuk.
18:43 of 2nd period - Stopped by Antoine Bibeau with a rebound.
18:45 of 2nd period - Wrist shot by Brady Tkachuk.
18:45 of 2nd period - Stopped by Antoine Bibeau with a rebound.
19:24 of 2nd period - Nils Hoglander is hit by Jesse Ylonen and loses puck.
19:52 of 2nd period - Snap shot by Alex Newhook.
19:52 of 2nd period - Shot Misses the Net.
Goals for this period are 1 for Rockets vs 3 for Punishers.
Shots for this period are 13 for Rockets vs 13 for Punishers.

3rd period


0:01 of 3rd period - Oskar Lindblom wins face-off versus Jacob De La Rose in neutral zone.
0:12 of 3rd period - Snap shot by Oskar Lindblom.
0:12 of 3rd period - Shot Hit the Post.
0:14 of 3rd period - Wrist shot by Karson Kuhlman.
0:14 of 3rd period - Shot Blocked by Alexandre Carrier.
0:16 of 3rd period - Slapshot by Noah Juulsen.
0:16 of 3rd period - Shot Blocked by Alexandre Carrier.
0:26 of 3rd period - Adam Ruzicka is hit by Andrei Svechnikov and loses puck.
1:10 of 3rd period - Snap shot by Kurtis Gabriel.
1:10 of 3rd period - Shot Blocked by Simon Benoit.
1:14 of 3rd period - Slapshot by Kurtis Gabriel.
1:14 of 3rd period - Stopped by Pyotr Kochetkov without a rebound.
1:15 of 3rd period - Karson Kuhlman wins face-off versus Jacob De La Rose in Rockets zone.
1:16 of 3rd period - Snap shot by Oskar Lindblom.
1:16 of 3rd period - Deflect By Jeff Corbett.
1:16 of 3rd period - Shot Blocked by Simon Benoit.
1:16 of 3rd period - Puck is out of play.
1:17 of 3rd period - Karson Kuhlman wins face-off versus Jacob De La Rose in Rockets zone.
1:51 of 3rd period - Wrist shot by Kole Lind.
1:51 of 3rd period - Goal by Kole Lind - Rockets : 1 - Punishers : 4.
1:52 of 3rd period - Jacob De La Rose wins face-off versus Kurtis Gabriel in neutral zone.
4:26 of 3rd period - Jake Evans is hit by Kole Lind and loses puck.
4:56 of 3rd period - Snap shot by Warren Foegele.
4:56 of 3rd period - Stopped by Pyotr Kochetkov without a rebound.
4:57 of 3rd period - Karson Kuhlman wins face-off versus Jacob De La Rose in Rockets zone.
7:35 of 3rd period - Jesse Ylonen is hit by Cole Caufield and loses puck.
7:59 of 3rd period - Icing by Alex Newhook.
8:00 of 3rd period - Karson Kuhlman wins face-off versus Jacob De La Rose in Rockets zone.
8:01 of 3rd period - Snap shot by Kurtis Gabriel.
8:01 of 3rd period - Shot Hit the Post.
8:21 of 3rd period - Wrist shot by Michael McLeod.
8:21 of 3rd period - Stopped by Antoine Bibeau with a rebound.
8:27 of 3rd period - Andrei Svechnikov is hit by Ben Betker and loses puck.
8:44 of 3rd period - Wrist shot by Barrett Hayton.
8:44 of 3rd period - Shot Misses the Net.
8:48 of 3rd period - Snap shot by Barrett Hayton.
8:48 of 3rd period - Shot Misses the Net.
9:02 of 3rd period - Wrist shot by Josh Anderson.
9:02 of 3rd period - Stopped by Antoine Bibeau with a rebound.
9:08 of 3rd period - Snap shot by Brady Tkachuk.
9:08 of 3rd period - Stopped by Antoine Bibeau with a rebound.
9:10 of 3rd period - Slapshot by Kristians Rubins.
9:10 of 3rd period - Stopped by Antoine Bibeau without a rebound.
9:11 of 3rd period - Karson Kuhlman wins face-off versus Michael McLeod in Punishers zone.
9:22 of 3rd period - Wrist shot by Oskar Lindblom.
9:22 of 3rd period - Shot Misses the Net.
9:24 of 3rd period - Slapshot by Oskar Lindblom.
9:24 of 3rd period - Stopped by Pyotr Kochetkov with a rebound.
9:52 of 3rd period - Snap shot by Tage Thompson.
9:52 of 3rd period - Shot Blocked by Jack Ahcan.
9:58 of 3rd period - Kristians Rubins is hit by Karson Kuhlman and loses puck.
10:10 of 3rd period - Off-side.
10:11 of 3rd period - Jacob De La Rose wins face-off versus Ryan Suzuki in neutral zone.
10:53 of 3rd period - Simon Benoit is hit by Ben Betker and loses puck.
11:24 of 3rd period - Snap shot by Jake Evans.
11:24 of 3rd period - Shot Misses the Net.
11:26 of 3rd period - Snap shot by Nils Hoglander.
11:26 of 3rd period - Shot Misses the Net.
11:28 of 3rd period - Snap shot by Jake Evans.
11:28 of 3rd period - Shot Misses the Net.
11:43 of 3rd period - Slapshot by Ben Betker.
11:43 of 3rd period - Shot Misses the Net.
11:49 of 3rd period - Minor Penalty to Arber Xhekaj for Cross-checking.
11:50 of 3rd period - Karson Kuhlman wins face-off versus Jacob De La Rose in Rockets zone.
11:59 of 3rd period - Wrist shot by Oskar Lindblom.
11:59 of 3rd period - Stopped by Pyotr Kochetkov with a rebound.
13:49 of 3rd period - Penalty to Arber Xhekaj is over, Arber Xhekaj is back on ice.
14:08 of 3rd period - Ben Betker is hit by Barrett Hayton and loses puck.
14:38 of 3rd period - Minor Penalty to Tage Thompson for Cross-checking.
14:39 of 3rd period - Jacob De La Rose wins face-off versus Adam Ruzicka in Rockets zone.
14:53 of 3rd period - Wrist shot by Adam Ruzicka.
14:53 of 3rd period - Goal by Adam Ruzicka - Rockets : 1 - Punishers : 5.
14:54 of 3rd period - Karson Kuhlman wins face-off versus Michael McLeod in neutral zone.
15:26 of 3rd period - Snap shot by Warren Foegele.
15:26 of 3rd period - Shot Misses the Net.
15:38 of 3rd period - Wrist shot by Jesse Ylonen.
15:38 of 3rd period - Stopped by Pyotr Kochetkov with a rebound.
15:40 of 3rd period - Wrist shot by Ben Meyers.
15:40 of 3rd period - Stopped by Pyotr Kochetkov with a rebound.
15:42 of 3rd period - Backhand shot by Noah Juulsen.
15:42 of 3rd period - Stopped by Pyotr Kochetkov with a rebound.
15:44 of 3rd period - Snap shot by Ben Betker.
15:44 of 3rd period - Shot Blocked by Alex Newhook.
15:46 of 3rd period - Slapshot by Ben Betker.
15:46 of 3rd period - Deflect By Alexandre Carrier.
15:46 of 3rd period - Stopped by Pyotr Kochetkov without a rebound.
15:47 of 3rd period - Karson Kuhlman wins face-off versus Michael McLeod in Rockets zone.
15:53 of 3rd period - Minor Penalty to Karson Kuhlman for Hooking.
15:54 of 3rd period - Oskar Lindblom wins face-off versus Brady Tkachuk in Punishers zone.
15:54 of 3rd period - Oskar Lindblom is hit by Brady Tkachuk.
16:46 of 3rd period - Snap shot by Joel Kiviranta.
16:46 of 3rd period - Shot Misses the Net.
17:53 of 3rd period - Penalty to Karson Kuhlman is over, Karson Kuhlman is back on ice.
18:42 of 3rd period - Wrist shot by Oskar Lindblom.
18:42 of 3rd period - Shot Misses the Net.
19:12 of 3rd period - Wrist shot by Karson Kuhlman.
19:12 of 3rd period - Stopped by Pyotr Kochetkov with a rebound.
19:14 of 3rd period - Wrist shot by Ben Meyers.
19:14 of 3rd period - Shot Misses the Net.
Goals for this period are 0 for Rockets vs 2 for Punishers.
Shots for this period are 4 for Rockets vs 11 for Punishers.